 Dungeon Crawl Stone Soup version 0.28.0-45-g0d030f2227 (webtiles) character file.

Game seed: 15644566184698582626

19467 Revguard the Basher (level 12, -34/102 HPs)
             Began as a Troll Gladiator on Apr 15, 2022.
             Annihilated by a very large slime creature (60 damage)
             ... on level 11 of the Dungeon.
             The game lasted 00:39:53 (11925 turns).

Revguard the Basher (Troll Gladiator)              Turns: 11925, Time: 00:39:53

Health: -34/102    AC: 11    Str: 25    XL:     12   Next: 36%
Magic:  11/11      EV: 18    Int:  4    God:
Gold:   393        SH:  5    Dex: 15    Spells: 11/11 levels left

rFire   + . .      SeeInvis +   R - +4 dire flail (protect)
rCold   . . .      Faith    .   (shield currently unavailable)
rNeg    . . .      Spirit   .   F - +0 troll leather armour
rPois   .          Reflect  +   c - +1 hat
rElec   .          Harm     .   i - +2 cloak "Tueha" {Rampage Fly Stlth+}
rCorr   .          Rampage  +   (gloves unavailable)
Will    .....                   (boots unavailable)
Stlth   ++........              r - amulet of reflection
HPRegen 1.87/turn               x - +4 ring of evasion
MPRegen 0.12/turn               M - ring of see invisible

@: flying
A: large, unfitting armour, claws 3, regeneration 1, shaggy fur 1, tough skin 1,
fire resistance 1, frail 1
a: no special abilities


You were on level 11 of the Dungeon.
You visited 2 branches of the dungeon, and saw 13 of its levels.
You also visited: Ossuary.

You collected 549 gold pieces.
You spent 156 gold pieces at shops.

Inventory:

Hand Weapons
 p - a +0 morningstar
 R - a +4 dire flail of protection (weapon)
Missiles
 m - 7 atropa-tipped darts
 u - 20 poisoned darts
 A - 5 javelins
 E - 7 large rocks (quivered)
Armour
 c - a +1 hat (worn)
 i - the +2 cloak "Tueha" (worn) {Rampage Fly Stlth+}
   (You found it on level 2 of the Dungeon)

   Fly:       It grants you flight.
   Rampage:   It bestows one free step when moving towards enemies.
   Stlth:     It makes you more stealthy.
 k - +0 steam dragon scales
 y - a +2 robe of cold resistance
 F - a +0 troll leather armour (worn)
Jewellery
 e - a ring of fire
 r - an amulet of reflection (around neck)
 x - a +4 ring of evasion (left claw)
 K - a ring of ice
 M - a ring of see invisible (right claw)
 O - an amulet of the acrobat
Wands
 b - a wand of flame (28)
 f - a wand of mindburst (21)
 q - a wand of polymorph (6)
 s - a wand of digging (10)
 v - a wand of iceblast (23)
 L - a wand of acid (4)
Scrolls
 a - 3 scrolls of enchant weapon
 d - a scroll of amnesia
 j - a scroll of holy word
 n - 5 scrolls of teleportation
 o - a scroll of identify
 z - a scroll of torment
 G - a scroll of immolation
 I - a scroll of brand weapon
 J - a scroll of fog
 P - a scroll of blinking
 Q - a scroll of fear
Potions
 g - 3 potions of attraction
 h - a potion of brilliance
 l - a potion of invisibility
 t - a potion of haste
 w - 6 potions of curing
 B - 2 potions of might
 C - 2 potions of magic
 N - a potion of lignification
Miscellaneous
 D - a piece from Xom's chessboard (15/15)
 H - a phantom mirror


   Skills:
 + Level 6.3 Fighting
 * Level 10.1 Maces & Flails
 + Level 7.0 Throwing
 + Level 8.6 Armour
 * Level 9.2 Dodging


You had 11 spell levels left.
You didn't know any spells.
Your spell library contained the following spells:

 Spells                   Type           Power      Damage    Failure   Level
 Beastly Appendage        Tmut           0%         N/A       54%         1
 Foxfire                  Conj/Fire      0%         2x1d4     54%         1
 Wereblood                Tmut           0%         N/A       67%         2
 Conjure Flame            Conj/Fire      0%         6-21      88%         3
 Inner Flame              Hex/Fire       0%         N/A       88%         3
 Spider Form              Tmut/Pois      0%         N/A       88%         3
 Summon Guardian Golem    Hex/Summ       0%         N/A       88%         3
 Cause Fear               Hex            0%         N/A       99%         4
 Flame Wave               Conj/Fire      0%         2d4       99%         4
 Dragon Form              Tmut           0%         N/A       100%        7
 Orb of Destruction       Conj           0%         9d5       100%        7
 Spellforged Servitor     Conj/Summ      0%         N/A       100%        7
 Dragon's Call            Summ           0%         N/A       100%        9


Dungeon Overview and Level Annotations

Branches:
Dungeon (12/15)            Temple (1/1) D:6            Lair (0/6) D:11
    Orc (0/2) D:9         Ossuary (visited)

Altars:
Ashenzari
Cheibriados
Dithmenos
Elyvilon
Fedhas
Gozag
Hepliaklqana
Kikubaaqudgha
Makhleb
Nemelex Xobeh
Okawaru
Qazlal
Ru
Sif Muna
Trog
Uskayaw
Vehumet
Wu Jian
Xom
Yredelemnul
Zin
The Shining One

Shops:
D:5 *   D:9 [


Innate Abilities, Weirdness & Mutations

You are too large for most types of armour.
You have claws for hands.
Your natural rate of healing is unusually fast.
You are covered in fur. (AC +1)
You have tough skin. (AC +1)
Your flesh is heat resistant. (rF+)
You are frail. (-10% HP)


Message History

The large slime creature is heavily wounded.
The slime creature hits you but does no damage.
The large slime creature closely misses you.
You barely miss the large slime creature.
The large slime creature is heavily wounded.
The slime creature misses you. The large slime creature hits you!!
* * * LOW HITPOINT WARNING * * *
Two slime creatures merge to form a very large slime creature.
Throw: 9 large rocks
Press: ? - help, Q - select action, (/) - cycle Shift-Dir - straight line, f - very large slime creature
Aim: a very large slime creature (moderately wounded, 84% to hit)
You throw a large rock.
The large rock hits the very large slime creature!
The very large slime creature is heavily wounded.
You puncture the large slime creature!
Your weapon exudes an aura of protection.
The large slime creature is heavily wounded.
A large slime creature splits.
You sock the slime creature!
The slime creature is severely wounded.
The slime creature hits you!
* * * LOW HITPOINT WARNING * * *
You barely miss the slime creature.
The slime creature is severely wounded.
The slime creature hits you but does no damage.
The slime creature barely misses you.
The slime creature completely misses you.
The slime creature hits you.
* * * LOW HITPOINT WARNING * * *
Two slime creatures merge to form a large slime creature.
Two slime creatures merge to form a very large slime creature.
Throw: 8 large rocks
Press: ? - help, Q - select action, (/) - cycle Shift-Dir - straight line, f - very large slime creature
Aim: a very large slime creature (heavily wounded, 84% to hit)
You throw a large rock.
The large rock hits the very large slime creature!!
The very large slime creature is severely wounded.
The very large slime creature hits you!!!
Ouch! That really hurt!
You die...

.....####..#...........###...# #.
.....##....##...#.###### #.### #.
.....##...........# ##)# #.
.........#.##.#.### ##..#####.
.....###.#.##.#.## #......##.
.....###.#.##.#..# #.####..#.
.........#.##.##.# #.# ##...
.....##.......##.# ###.# ##..
#..####.##...###@# #...#####..#
##......##....##J# #.##........
####....#....##(### #.#.........
#..............###...........
##.##.##............#........
###.#..##>....................
#.....######....#..###........
#.##.## ###...(...รท.#........
####.##.#####.....#..##.##.......


You could see a very large slime creature.

Vanquished Creatures
  Kirke (D:12)
  A boulder beetle (D:12)
  A hydra (D:11)
  An ogre mage (D:11)
  2 two-headed ogres (D:11)
  A tengu warrior (D:9)
  A deep elf pyromancer (D:12)
  A manticore (D:11)
  An ugly thing (D:11)
  A cyclops (D:11)
  2 gargoyles
  Maggie (D:9)
  2 unseen horrors
  A komodo dragon (D:7)
  2 trolls
  A hornet (D:10)
  2 slime creatures (D:11)
  A vampire (D:11)
  28 yaks
  2 basilisks
  2 wyverns
  7 vampire mosquitoes
  An acid dragon (D:9)
  Duvessa (D:7)
  3 water moccasins
  6 orc warriors
  2 ice beasts
  The ghost of dandone the Chopper, an amateur DsBe of Trog (D:3)
  A centaur (D:9)
  4 ogres
  4 bullfrogs
  2 elf zombies (Ossuary)
  A gnoll sergeant (D:6)
  A wyvern zombie (D:8)
  A wyvern skeleton (D:7)
  Dowan (D:7)
  A water moccasin skeleton (D:4)
  5 killer bees (D:9)
  4 howler monkeys
  2 electric eels (D:10)
  2 bullfrog zombies
  4 centaur zombies
  A human zombie (Ossuary)
  4 hounds
  2 jellies
  4 orc priests
  3 gnoll shamans
  3 iguanas
  7 orc wizards
  Ijyb (D:5)
  3 killer bee zombies
  3 mummies
  Robin (D:4)
  18 gnolls
  A howler monkey zombie (D:8)
  12 adders
  A shadow imp (D:8)
  2 white imps
  An ufetubus (D:6)
  2 adder zombies (Ossuary)
  A worm (D:9)
  2 dart slugs (D:1)
  28 orcs
  7 ball pythons
  4 bats
  6 endoplasms
  5 giant cockroaches
  9 goblins
  7 hobgoblins
  8 kobolds
  4 quokkas
  5 frilled lizards
  3 goblin zombies
  7 hobgoblin zombies (Ossuary)
  2 jackal zombies (Ossuary)
  10 kobold zombies
  11 orc zombies (Ossuary)
  8 rats
305 creatures vanquished.

Vanquished Creatures (others)
  2 humans (D:12)
  A howler monkey (D:12)
  2 plants (D:7)
5 creatures vanquished.

Grand Total: 310 creatures vanquished

Notes
Turn   | Place    | Note
-------+----------+-------------------------------------------
     0 | D:1      | Revguard the Troll Gladiator began the quest for the Orb.
     0 | D:1      | Reached XP level 1. HP: 19/19 MP: 0/0
   213 | D:1      | Reached XP level 2. HP: 28/28 MP: 1/1
   709 | D:1      | You fall into a shaft and drop 1 floor!
   749 | D:2      | Reached skill level 3 in Maces & Flails
   753 | D:2      | Reached XP level 3. HP: 35/35 MP: 2/2
   828 | D:2      | Reached skill level 1 in Armour
   842 | D:2      | Reached XP level 4. HP: 9/42 MP: 3/3
  1011 | D:2      | Identified the +2 cloak "Tueha" {Rampage Fly Stlth+}
  1526 | D:1      | Found a faded altar of an unknown god.
  1759 | D:3      | Found a runed translucent door.
  1760 | D:3      | Noticed dandone's ghost (amateur DsBe)
  2478 | D:3      | Reached XP level 5. HP: 30/49 MP: 4/4
  2494 | D:3      | Killed dandone's ghost
  2552 | D:4      | Gained mutation: You are frail. (-10% HP) [potion of
                  | mutation]
  2552 | D:4      | Gained mutation: Your flesh is heat resistant. (rF+)
                  | [potion of mutation]
  2704 | D:4      | Noticed an orc warrior
  2723 | D:4      | Killed an orc warrior
  2724 | D:4      | Reached skill level 4 in Maces & Flails
  2724 | D:4      | Reached XP level 6. HP: 27/53 MP: 5/5
  2839 | D:4      | Reached XP level 7. HP: 40/59 MP: 6/6
  3290 | D:4      | Noticed Robin
  3304 | D:4      | Killed Robin
  3929 | D:5      | Entered Level 5 of the Dungeon
  4014 | D:5      | Reached skill level 5 in Maces & Flails
  4037 | D:5      | Noticed Ijyb
  4048 | D:5      | Killed Ijyb
  4300 | D:5      | Reached XP level 8. HP: 15/67 MP: 7/7
  4864 | D:5      | Found Kela's General Store.
  4867 | D:5      | Bought a potion of heal wounds for 65 gold pieces
  4867 | D:5      | Bought a potion of heal wounds for 65 gold pieces
  4867 | D:5      | Bought a scroll of identify for 26 gold pieces
  5576 | D:6      | Reached skill level 5 in Dodging
  5801 | D:6      | Found a staircase to the Ecumenical Temple.
  5807 | Temple   | Entered the Ecumenical Temple
  6355 | D:7      | Reached skill level 6 in Maces & Flails
  6749 | D:7      | Noticed Duvessa
  6750 | D:7      | Noticed Dowan
  6772 | D:7      | Killed Duvessa
  6773 | D:7      | Reached XP level 9. HP: 58/75 MP: 8/8
  6784 | D:7      | Killed Dowan
  6912 | D:7      | Noticed a komodo dragon
  6965 | D:7      | Killed a komodo dragon
  6966 | D:7      | Reached skill level 5 in Armour
  7062 | D:7      | Identified the +1 ring mail of Vemi {rF++ rCorr Stlth-}
  7228 | D:8      | Found a sand-covered staircase.
  7234 | Ossuary  | Entered an ossuary
  8175 | D:9      | Reached skill level 7 in Maces & Flails
  8216 | D:9      | Noticed Maggie
  8228 | D:9      | Killed Maggie
  8230 | D:9      | Noticed a tengu warrior
  8395 | D:9      | Killed a tengu warrior
  8396 | D:9      | Reached skill level 5 in Throwing
  8396 | D:9      | Reached XP level 10. HP: 23/84 MP: 9/9
  8467 | D:9      | Found Ecarchena's Armour Shoppe.
  8588 | D:9      | Found a staircase to the Orcish Mines.
  9065 | D:9      | Found a snail-covered altar of Cheibriados.
  9424 | D:9      | Reached skill level 8 in Maces & Flails
  9652 | D:10     | Entered Level 10 of the Dungeon
  9886 | D:10     | Reached skill level 5 in Fighting
  9993 | D:10     | Noticed a gargoyle
 10001 | D:10     | Killed a gargoyle
 10053 | D:10     | Reached XP level 11. HP: 78/91 MP: 10/10
 10933 | D:11     | Noticed a cyan ugly thing
 10983 | D:11     | Killed a cyan ugly thing
 10990 | D:11     | Reached skill level 9 in Maces & Flails
 11118 | D:11     | Noticed a four-headed hydra
 11145 | D:11     | Killed a four-headed hydra
 11203 | D:11     | Noticed an ogre mage
 11297 | D:11     | Killed an ogre mage
 11366 | D:11     | Noticed a two-headed ogre
 11369 | D:11     | Killed a two-headed ogre
 11404 | D:11     | Reached XP level 12. HP: 91/101 MP: 11/11
 11467 | D:11     | Found a staircase to the Lair.
 11595 | D:12     | Noticed a boulder beetle
 11598 | D:12     | Killed a boulder beetle
 11651 | D:12     | Noticed Kirke
 11670 | D:12     | Noticed a sphinx
 11679 | D:12     | Noticed a sphinx
 11694 | D:12     | Killed Kirke
 11695 | D:12     | Reached skill level 10 in Maces & Flails
 11830 | D:12     | Noticed a two-headed ogre
 11853 | D:11     | Killed a two-headed ogre
 11925 | D:11     | Annihilated by a very large slime creature

Illustrated notes

Levels and vault maps discovered:
D:1:      lemuel_arrival_cross, layout_basic, shapermc_ecumenical_altar_pompeii
D:2:      layout_loops_ring, hangedman_abyss_or_decor_stabs
D:3:      layout_loops_corners, ebering_ghost_sewer_d, minmay_circle_x
D:4:      layout_basic, gup_sewer_entry_spiral, uniq_robin
D:5:      layout_layer_cave, serial_shops, kennysheep_mini_moat, uniq_ijyb
D:6:      layout_loops_ring, minmay_temple_entry_fiery
D:7:      layout_loops_corners, minmay_lizard_king, uniq_duvessa
D:8:      layout_gridville, nicolae_ossuary_entry_giza, minmay_misc_feat_tower,
          hellmonk_bongcloud_opening
D:9:      layout_cave_pods, slow_altar_2, orc_david_3, uniq_maggie
D:10:     layout_gridville, kennysheep_potato
D:11:     layout_rooms, lair_entry_dummy, serial_corexii_hall,
          corexii_hall_statues_i, chequers_hall_statues_wall_a, kb_rosetta
D:12:     layout_cave_pools, uniq_kirke
Temple:   mainiacjoe_temple_archimedes_tessellation

Skill      XL: |  1  2  3  4  5  6  7  8  9 10 11 12 |
---------------+-------------------------------------+-----
Maces & Flails | 3 4 5 6 7 8 9 10 | 10.1
Throwing       | 2 3 4 5 6 7 |  7.0
Armour         | 1 2 3 4 6 7 8 |  8.6
Fighting       | 2 3 4 5 6 |  6.3
Dodging        | 3 4 5 6 7 8 9 |  9.2

Action                   |  1- 3 |  4- 6 |  7- 9 | 10-12 || total
-------------------------+-------+-------+-------+-------++-------
Melee: Flail             |    65 |    56 |       |       ||   121
       Morningstar       |       |    56 |   593 |   529 ||  1178
       Punch             |       |     1 |    12 |     5 ||    18
       Dire flail        |       |       |       |    44 ||    44
Throw: Throwing net      |       |     4 |     6 |       ||    10
       Large rock        |       |     9 |    20 |    46 ||    75
       Dart              |       |     7 |    21 |       ||    28
Evoke: Wand              |       |       |       |     1 ||     1
  Use: Scroll            |       |     5 |     7 |     7 ||    19
       Potion            |       |     4 |     6 |     2 ||    12
 Stab: Sleeping          |       |    11 |    13 |     3 ||    27
       Invisible         |       |       |     7 |       ||     7
       Held in net/web   |       |       |     1 |       ||     1
Armor: Robe              |    28 |    79 |   237 |       ||   344
       Steam dragon scal |       |       |    19 |    11 ||    30
       Troll leather arm |       |       |       |   163 ||   163
Dodge: Dodged            |    34 |   100 |   375 |   483 ||   992
Block: Other             |       |       |   151 |   151 ||   302
       Reflection        |       |       |       |     1 ||     1
